 Dungeon Crawl Stone Soup version 0.30.1-11-g7821555f0a (webtiles) character file.

Game seed: 8346643577136989715

17010 monsoonserge the Carver (level 12, -20/95 HPs)
             Began as a Merfolk Monk on Oct 30, 2023.
             Was a High Priest of Ignis.
             Demolished by Snorg (22 damage)
             ... on level 10 of the Dungeon.
             The game lasted 00:49:23 (15279 turns).

monsoonserge the Carver (Merfolk Monk)             Turns: 15279, Time: 00:49:23

Health: -20/95     AC: 12    Str: 12    XL:     12   Next: 43%
Magic:  0/12       EV: 16    Int:  9    God:    Ignis [*****.]
Gold:   549        SH:  6    Dex: 21    Spells: 11/11 levels left

rFire   + + .        K - +4 scimitar (flame)
rCold   . . .        E - +0 buckler
rNeg    + . .        F - +0 ring mail of the Silversmith {+Blink rN+ Will+}
rPois   .            (no helmet)
rElec   .            g - +0 cloak
rCorr   .            I - +2 pair of gloves {hurl}
SInv    .            s - +0 pair of boots
Will    +....        h - amulet of guardian spirit
Stlth   ++           j - ring of protection from fire
HPRegen 0.35/turn    (no ring)
MPRegen 0.13/turn

%: guardian spirit
@: mighty, hasted, very quick
A: (nimble swimmer 2), mertail
a: Renounce Religion, Evoke Blink, Fiery Armour, Foxfire Swarm, Rising Flame


You were on level 10 of the Dungeon.
You worshipped Ignis.
Ignis was extremely pleased with you.
You visited 4 branches of the dungeon, and saw 14 of its levels.
You also visited: Sewer.

You collected 691 gold pieces.
You spent 142 gold pieces at shops.

Inventory:

Hand Weapons
 i - a +0 sling
 y - a +1 rapier of draining
 K - a +4 scimitar of flaming (weapon)
Missiles
 r - 3 javelins
 B - 44 poisoned darts (quivered)
 D - 6 silver boomerangs
 H - 3 atropa-tipped darts
 J - 10 boomerangs
 L - a curare-tipped dart
 Q - 2 silver javelins
Armour
 g - a +0 cloak (worn)
 s - a +0 pair of boots (worn)
 E - a +0 buckler (worn)
 F - the +0 ring mail of the Silversmith (worn) {+Blink rN+ Will+}
   (You found it on level 5 of the Dungeon)

   rN:        It protects you from negative energy.
   +Blink:    It lets you blink.
   Will:      It increases your willpower.
 I - a +2 pair of gloves of hurling (worn)
Jewellery
 h - an amulet of guardian spirit (around neck)
 j - a ring of protection from fire (left hand)
 l - an amulet of faith
 p - a ring of wizardry
Wands
 k - a wand of paralysis (12)
 O - a wand of iceblast (18)
 P - a wand of flame (8)
 S - a wand of mindburst (10)
Scrolls
 b - 2 scrolls of magic mapping
 d - 2 scrolls of brand weapon
 e - a scroll of fear
 f - 3 scrolls of silence
 m - 6 scrolls of fog
 q - 2 scrolls of vulnerability
 t - a scroll of poison
 w - 6 scrolls of teleportation
 C - a scroll of blinking
 G - a scroll of enchant weapon
 N - 3 scrolls of identify
 R - a scroll of enchant armour
Potions
 c - 3 potions of ambrosia
 n - 2 potions of heal wounds
 o - 3 potions of haste
 u - 2 potions of brilliance
 v - a potion of cancellation
 x - 5 potions of invisibility {unknown}
 z - 3 potions of mutation
 A - 3 potions of curing
 M - 2 potions of resistance


   Skills:
 + Level 9.3 Fighting
 - Level 7.0(11.0) Short Blades
 + Level 13.2(13.9) Long Blades
 + Level 1.6 Throwing
 + Level 6.1 Armour
 + Level 9.4 Dodging
 + Level 2.5 Stealth
 + Level 5.1 Shields
 + Level 6.8 Evocations


You had 11 spell levels left.
You didn't know any spells.
Your spell library contained the following spells:

 Spells                   Type           Power      Damage    Failure   Level
 Apportation              Tloc           0%         N/A       75%         1
 Necrotise                Necr           0%         1d4       75%         1
 Summon Small Mammal      Summ           0%         N/A       75%         1
 Inner Flame              Hex/Fire       0%         N/A       98%         3
 Tukima's Dance           Hex            0%         N/A       98%         3
 Flame Wave               Conj/Fire      0%         2d4       100%        4
 Passage of Golubria      Tloc           0%         N/A       100%        4
 Sticky Flame             Conj/Fire      0%         2d3       100%        4
 Yara's Violent Unravell  Hex/Tmut       0%         3d3       100%        5


Dungeon Overview and Level Annotations

Branches:
Dungeon (11/15)            Temple (1/1) D:6            Lair (1/5) D:10
    Orc (1/2) D:9           Sewer (visited)

Altars:
Ashenzari
Cheibriados
Dithmenos
Elyvilon
Fedhas
Gozag
Hepliaklqana
Kikubaaqudgha
Makhleb
Nemelex Xobeh
Okawaru
Qazlal
Ru
Sif Muna
Trog
Uskayaw
Vehumet
Wu Jian
Xom
Yredelemnul
Zin
The Shining One
Ignis

Shops:
D:2 [:   D:7 (

Annotations:
D:10 Snorg
Orc:1 Jorgrun, Nergalle


Innate Abilities, Weirdness & Mutations

((You are very nimble when in or above water. (Stealth+, EV+, Speed+++)))
Your lower body shifts to a powerful aquatic tail in water.


Message History

Snorg bites you! Snorg claws you! x2
* * * LOW HITPOINT WARNING * * *
You blink.
You hear an angry buzzing noise.
Throw: 46 darts (poison)
Press: ? - help, Q - select action, (/) - cycle Shift-Dir - straight line, f - Snorg
Aim: Snorg (heavily wounded, berserk, 70% to hit)
You throw a poisoned dart. The poisoned dart hits Snorg.
Snorg is poisoned.
Snorg is heavily wounded.
You feel very mighty all of a sudden.
Throw: 45 darts (poison)
Press: ? - help, Q - select action, (/) - cycle Shift-Dir - straight line, f/p - Snorg
Aim: Snorg (heavily wounded, berserk, poisoned, 70% to hit)
You throw a poisoned dart. The poisoned dart hits Snorg.
Snorg looks even sicker.
Snorg is heavily wounded.
You closely miss Snorg.
Snorg is heavily wounded.
Snorg closely misses you. Snorg misses you. Snorg claws you!
* * * LOW HITPOINT WARNING * * *
Unknown command.
You slice Snorg!! You burn Snorg.
Snorg is severely wounded.
Snorg completely misses you. Snorg closely misses you.
Snorg completely misses you.
You slash Snorg! You burn Snorg!
Snorg is severely wounded.
The killer bee buzzes angrily.
You slash Snorg! You burn Snorg.
Snorg is almost dead.
Snorg bites you!
* * * LOW HITPOINT WARNING * * *
Snorg claws you.
* * * LOW HITPOINT WARNING * * *
Snorg claws you but does no damage.
You slash Snorg! You burn Snorg.
Snorg is almost dead.
You feel stable enough to blink again. Snorg bites you!!
You die...

.......#####.......# ###.♣.♣..♣
...y...# ###'##### #.♣♣♣..#
###'#### #.## ##....## #..# #..#
##..## ##.# #####'##### ##.#
####'## #>........# ###'####
#...[.#####.........# #.......
'.....'...#...>.....######.......
#.....###.'y(.(T@...#....+.......
#.....# ###......<..#.####.......
#.....# #.....[...+ ####'###
##'#### #.........# ####.# #.###
#.........# #....# #...#
######'#### #.#### ###.# #...#
#.# ####'#### ####.#####
###'###### #.......# #........#
#.........


You could see Snorg (berserk, very poisoned) and a killer bee.

Vanquished Creatures
  The ghost of foxicus the Trooper, a novice HOFi (D:5)
  A cane toad (Lair:1)
  A gargoyle (D:11)
  2 unseen horror zombies (D:10)
  3 unseen horrors
  A komodo dragon (Lair:1)
  A rime drake (Lair:1)
  Psyche (D:8)
  A troll (D:9)
  5 blink frogs (Lair:1)
  A meliai zombie (D:10)
  Sigmund (D:3)
  30 yaks
  A wyvern (D:9)
  A wraith (D:10)
  The ghost of GreenGuy14 the Chopper, an amateur MiFi of Wu Jian (D:3)
  A steam dragon (D:8)
  3 water moccasins
  2 acid dragons
  7 orc warriors
  An ice beast (D:6)
  2 sky beasts
  2 black bears
  3 ogres
  4 centaurs
  A phantom (D:5)
  6 kobold brigands
  2 bullfrogs
  5 gnoll sergeants
  3 wights (D:7)
  17 killer bees
  11 howler monkeys
  6 centaur zombies (D:10)
  2 jellies
  3 orc priests
  4 hounds
  2 gnoll boudas
  5 iguanas
  5 orc wizards
  2 sleepcaps (D:6)
  7 hell rats (Lair:1)
  2 howler monkey zombies (D:10)
  25 gnolls
  14 adders
  5 river rats
  A white imp (D:3)
  2 ufetubi
  2 worms
  3 dart slugs
  24 orcs
  5 bats
  5 endoplasms
  2 giant cockroaches (D:1)
  6 goblins
  9 hobgoblins
  2 jackals (D:3)
  6 quokkas
  12 ball pythons
  6 frilled lizards
  40 kobolds
  22 rats
351 creatures vanquished.

Vanquished Creatures (others)
  A shadow (D:11)
  17 foxfires (D:5)
18 creatures vanquished.

Grand Total: 369 creatures vanquished

Notes
Turn   | Place    | Note
-------+----------+-------------------------------------------
     0 | D:1      | monsoonserge the Merfolk Monk began the quest for the Orb.
     0 | D:1      | Reached XP level 1. HP: 18/18 MP: 1/1
    49 | D:1      | Reached XP level 2. HP: 22/24 MP: 2/2
   112 | D:1      | Found a faded altar of an unknown god.
   122 | D:1      | Reached skill level 4 in Long Blades
   193 | D:1      | Prayed at the altar of an unknown god.
   193 | D:1      | Became a worshipper of Ignis, the Dying Flame
   193 | D:1      | Reached ****** piety under Ignis
   280 | D:1      | Reached XP level 3. HP: 24/30 MP: 3/3
   645 | D:2      | Found Kakotag's Book Shop.
   832 | D:2      | Found Wemuilomm's Antique Armour Emporium.
   893 | D:2      | Reached skill level 5 in Long Blades
   893 | D:2      | Reached XP level 4. HP: 35/37 MP: 4/4
  1247 | D:3      | Found a sparkling altar of Nemelex Xobeh.
  1490 | D:3      | Found a bloodstained altar of Trog.
  1700 | D:3      | Noticed Sigmund
  1953 | D:3      | Found a runed translucent gate.
  1953 | D:3      | Found a runed translucent gate.
  1953 | D:3      | Found a runed translucent gate.
  1955 | D:3      | Found an opulent altar of Gozag.
  1956 | D:3      | Noticed GreenGuy14's ghost (amateur MiFi)
  1994 | D:4      | Found a white marble altar of Elyvilon.
  2004 | D:4      | Found a glowing drain.
  2019 | D:4      | Noticed an ogre
  2024 | Sewer    | Entered a sewer
  2056 | Sewer    | Reached XP level 5. HP: 27/42 MP: 5/5
  2115 | Sewer    | Reached skill level 1 in Armour
  2427 | Sewer    | Reached skill level 6 in Long Blades
  2570 | D:4      | Killed an ogre
  2571 | D:4      | Reached XP level 6. HP: 30/49 MP: 6/6
  2741 | D:4      | Reached skill level 5 in Dodging
  2977 | D:4      | Reached skill level 5 in Fighting
  3219 | D:3      | Found a broken altar of Ashenzari.
  3219 | D:3      | Found an ornate altar of the Wu Jian Council.
  3289 | D:4      | Identified the +1 demon whip of Kenis {venom, rC+ Str+2}
  3413 | D:4      | Reached skill level 1 in Short Blades
  3413 | D:4      | Reached XP level 7. HP: 53/56 MP: 7/7
  3551 | D:5      | Entered Level 5 of the Dungeon
  3894 | D:5      | Found a runed translucent gate.
  3894 | D:5      | Found a runed translucent gate.
  3894 | D:5      | Found a runed translucent gate.
  3894 | D:5      | Noticed foxicus's ghost (novice HOFi)
  3946 | D:5      | Identified the +0 ring mail of the Silversmith {+Blink rN+
                  | Will+}
  4640 | D:6      | Found a glowing silver altar of Zin.
  4777 | D:6      | Reached XP level 8. HP: 21/63 MP: 8/8
  4985 | D:6      | Reached skill level 1 in Evocations
  5038 | D:6      | Found a staircase to the Ecumenical Temple.
  5067 | Temple   | Entered the Ecumenical Temple
  5173 | D:6      | Found a shimmering altar of Xom.
  5227 | D:6      | Found a sacrificial altar of Ru.
  5263 | D:6      | Reached skill level 5 in Short Blades
  5271 | D:6      | Found a hide-covered altar of Uskayaw.
  6165 | D:7      | Reached skill level 1 in Shields
  6724 | D:2      | Bought a pair of glowing gloves for 142 gold pieces
  6799 | D:3      | Killed Sigmund
  6800 | D:3      | Reached skill level 1 in Stealth
  6800 | D:3      | Reached XP level 9. HP: 60/69 MP: 9/9
  7019 | D:3      | Killed GreenGuy14's ghost
  7679 | D:7      | Found Imeewaho's Weapon Shoppe.
  8119 | D:8      | Reached skill level 7 in Long Blades
  8215 | D:8      | Noticed Psyche
  8218 | D:8      | Killed Psyche
  8219 | D:8      | Reached skill level 5 in Evocations
  8254 | D:8      | Reached XP level 10. HP: 73/77 MP: 10/10
  8347 | D:8      | Reached skill level 8 in Long Blades
  9000 | D:9      | Reached skill level 9 in Long Blades
  9460 | D:9      | Found a shadowy altar of Dithmenos.
  9509 | D:9      | Reached skill level 10 in Long Blades
  9908 | D:9      | Reached XP level 11. HP: 75/84 MP: 11/11
 10041 | D:9      | Reached skill level 11 in Long Blades
 10313 | D:9      | Found a staircase to the Orcish Mines.
 10319 | D:9      | HP: 4/86 [gnoll sergeant/+8 vampiric spear (9)]
 10956 | D:10     | Entered Level 10 of the Dungeon
 11263 | D:10     | Reached skill level 1 in Throwing
 11265 | D:10     | Reached skill level 5 in Armour
 11620 | D:10     | Found a basalt altar of Yredelemnul.
 11673 | D:10     | Reached skill level 12 in Long Blades
 11908 | D:10     | Found a staircase to the Lair.
 12110 | D:5      | Killed foxicus's ghost
 12596 | Orc:1    | Entered Level 1 of the Orcish Mines
 12596 | Orc:1    | Noticed Nergalle
 12596 | Orc:1    | Noticed Jorgrun
 12744 | D:10     | Noticed Snorg
 13051 | D:11     | Noticed a boulder beetle
 13405 | D:10     | Reached XP level 12. HP: 93/94 MP: 12/12
 14231 | D:11     | Identified the +7 flail of Honour {drain, Str+3}
 14362 | D:11     | Reached skill level 5 in Shields
 14536 | Lair:1   | Entered Level 1 of the Lair of Beasts
 14589 | Lair:1   | HP: 4/95 [poisoned by a cane toad]
 14841 | Lair:1   | Reached skill level 13 in Long Blades
 15144 | D:10     | Found a blossoming altar of Fedhas.
 15278 | D:10     | HP: 4/95 [Snorg (7)]
 15279 | D:10     | Demolished by Snorg

Illustrated notes

Levels and vault maps discovered:
D:1:      dpeg_arrival_stonehenge_8_columns, layout_rooms,
          shapermc_ecumenical_altar_mp_highgroup
D:2:      layout_loops_cross, serial_shops, shop, shop
D:3:      layout_basic, mainiacjoe_overflow_tiny_flanked,
          overflow_temple_1_default, jmf_multi_god_temple, ebering_ghost_gozag,
          uniq_sigmund
D:4:      layout_basic, mainiacjoe_overflow_small_starburst,
          cheibrodos_sewer_entry_sluice
D:5:      layout_basic, gammafunk_ghost_nasty_kobolds,
          minmay_misc_feat_ornament, hangedman_decor_clover_reticule
D:6:      layout_cave_pods, mainiacjoe_overflow_concentric_impassable,
          mainiacjoe_overflow_alcove_1, old_standard_altar, zin_academy,
          minmay_temple_entry_glass
D:7:      layout_rooms, serial_shops, nicolae_shop_behind_doors
D:8:      layout_rooms, serial_bayou_pond_c, uniq_psyche
D:9:      layout_loops_ring, nicolae_overflow_hidden_temple,
          kennysheep_orc_monster_closet_entryway
D:10:     layout_roguey, fedhas_altar_1, nicolae_yredelemnul_corpse_copse,
          lair_entry_dummy, uniq_snorg
D:11:     layout_irregular_city
Temple:   compressed_dpeg_circular_temple
Lair:1:   minmay_lair_venomous_thicket, layout_regular_city, minmay_holes,
          st_stairs_11, lemuel_fruit_fields, serial_bayou_shore_a
Orc:1:    layout_caves, gammafunk_ghost_fury_of_okawaru, basic_altar,
          uniq_nergalle, uniq_jorgrun

Skill      XL: |  1  2  3  4  5  6  7  8  9 10 11 12 |
---------------+-------------------------------------+-----
Long Blades    | 4 5 6 7 10 12 13 | 13.2
Fighting       | 4 5 6 7 8 9 |  9.3
Armour         | 1 2 3 4 5 6 |  6.1
Dodging        | 5 6 7 8 9 |  9.4
Short Blades   | 1 4 6 7 |  7.0
Evocations     | 3 5 6 |  6.8
Shields        | 1 2 3 4 5 |  5.1
Stealth        | 1 2 |  2.5
Throwing       | 1 |  1.6

Action                     |  1- 3 |  4- 6 |  7- 9 | 10-12 || total
---------------------------+-------+-------+-------+-------++-------
  Melee: Falchion          |    84 |    17 |       |       ||   101
         Long sword        |       |   117 |       |       ||   117
         Tailslap          |       |     4 |       |     1 ||     5
         Rapier            |       |    52 |   393 |       ||   445
         Scimitar          |       |       |    79 |   694 ||   773
  Throw: Javelin           |       |     2 |       |       ||     2
         Dart              |       |       |     1 |    30 ||    31
 Invoke: Fiery Armour      |       |     1 |       |       ||     1
         Foxfire Swarm     |       |       |     1 |       ||     1
Ability: Evoke Blink       |       |       |     4 |    11 ||    15
  Evoke: Wand              |       |       |       |     6 ||     6
    Use: Scroll            |       |       |       |    22 ||    22
         Potion            |       |       |       |     5 ||     5
   Stab: Distracted        |       |       |     1 |       ||     1
         Sleeping          |       |       |     1 |     1 ||     2
 Armour: Ring mail         |    31 |    72 |   160 |   204 ||   467
  Dodge: Dodged            |    57 |   184 |   258 |   407 ||   906
  Block: Buckler           |       |       |   104 |   185 ||   289
